SNL (28 & UNDER)
GAINESVILLE GUIDOS @ MONTGOMERY BISCUITS
07/12/2023
 
TOP OF THE 1ST
Gainesville Guidos batting - Pitching for Montgomery Biscuits : RHP Stanley Briggs
Pitching: RHP Stanley Briggs
Batting: RHB Noriyori Ine 0-0: Foul Ball, location: 2F
0-1: Called Strike
0-2: Ball
1-2: Strikes out swinging
Batting: RHB Victor Andrews 0-0: Swinging Strike
0-1: Swinging Strike
0-2: Strikes out looking
Batting: LHB David Murphy 0-0: Ball
1-0: Ball
2-0: Called Strike
2-1: Swinging Strike
2-2: Strikes out looking
Top of the 1st over - 0 run(s), 0 hit(s), 0 error(s), 0 left on base; Gainesville 0 - Montgomery 0
BOTTOM OF THE 1ST
Montgomery Biscuits batting - Pitching for Gainesville Guidos : RHP Matt McGinnity
Pitching: RHP Matt McGinnity
Batting: RHB Gabriel Miranda 0-0: Called Strike
0-1: Swinging Strike
0-2: Foul Ball, location: 2F
0-2: Foul Ball, location: 2F
0-2: Strikes out swinging
Batting: LHB John Haney 0-0: Ball
1-0: Foul Ball, location: 2F
1-1: Swinging Strike
1-2: Ball
2-2: Foul Ball, location: 2F
2-2: Strikes out swinging
Batting: SHB Andrew Curran 0-0: Fly out, F6 (Line Drive, 6)
Bottom of the 1st over - 0 run(s), 0 hit(s), 0 error(s), 0 left on base; Gainesville 0 - Montgomery 0
TOP OF THE 2ND
Gainesville Guidos batting - Pitching for Montgomery Biscuits : RHP Stanley Briggs
Batting: LHB Ed Hart 0-0: Ball
1-0: Swinging Strike
1-1: Swinging Strike
1-2: Strikes out swinging
Batting: RHB Jason Saunders 0-0: Ball
1-0: Foul Ball, location: 2F
1-1: Swinging Strike
1-2: Ball
2-2: Foul Ball, location: 2F
2-2: Strikes out swinging
Batting: LHB António Hernández 0-0: Ball
1-0: SINGLE (Groundball, 6MD)
Batting: LHB António Cedeño 0-0: Ball
António Hernández steals 2nd base
1-0: Fly out, F8 (Flyball, 8RS)
Top of the 2nd over - 0 run(s), 1 hit(s), 0 error(s), 1 left on base; Gainesville 0 - Montgomery 0
BOTTOM OF THE 2ND
Montgomery Biscuits batting - Pitching for Gainesville Guidos : RHP Matt McGinnity
Batting: LHB José Flores 0-0: Ground out U3 (Groundball, 3)
Batting: RHB Jean-Paul St-Pierre 0-0: Foul Ball, location: 2F
0-1: Ball
1-1: Ball
2-1: Ball
3-1: Base on Balls
Batting: RHB Dave Dawson 0-0: Called Strike
0-1: Ball
1-1: Grounds into double play, 1-6-3 (Groundball, 13S)
Bottom of the 2nd over - 0 run(s), 0 hit(s), 0 error(s), 0 left on base; Gainesville 0 - Montgomery 0
TOP OF THE 3RD
Gainesville Guidos batting - Pitching for Montgomery Biscuits : RHP Stanley Briggs
Batting: RHB Pedro Mata 0-0: Ball
1-0: Ball
2-0: Foul Ball, location: 2F
2-1: Called Strike
2-2: Ball
3-2: Base on Balls
Batting: RHB Iván Moreno 0-0: Ball
1-0: Fly out, F8 (Flyball, 8RM)
Batting: RHB Noriyori Ine 0-0: Called Strike
0-1: Foul Ball, location: 2F
0-2: Strikes out swinging
Batting: RHB Victor Andrews 0-0: Swinging Strike
0-1: Ball
1-1: Ball
2-1: Fly out, F6 (Popup, 56S)
Top of the 3rd over - 0 run(s), 0 hit(s), 0 error(s), 1 left on base; Gainesville 0 - Montgomery 0
BOTTOM OF THE 3RD
Montgomery Biscuits batting - Pitching for Gainesville Guidos : RHP Matt McGinnity
Batting: LHB António De Los Ángeles 0-0: Ball
1-0: Called Strike
1-1: Foul Ball, location: 2F
1-2: Ball
2-2: Foul Ball, location: 2F
2-2: Strikes out swinging
Batting: RHB Larry Mitchell 0-0: Called Strike
0-1: Ball
1-1: Ball
2-1: Called Strike
2-2: Strikes out swinging
Batting: RHB Pete Smith 0-0: Called Strike
0-1: Ball
1-1: Foul Ball, location: 2F
1-2: SINGLE (Line Drive, 34D)
Batting: RHB Gabriel Miranda 0-0: Ball
1-0: Ball
2-0: Called Strike
2-1: Foul Ball, location: 2F
2-2: Ball
3-2: Ground out 1-3 (Groundball, 13S)
Bottom of the 3rd over - 0 run(s), 1 hit(s), 0 error(s), 1 left on base; Gainesville 0 - Montgomery 0
TOP OF THE 4TH
Gainesville Guidos batting - Pitching for Montgomery Biscuits : RHP Stanley Briggs
Batting: LHB David Murphy 0-0: Reached on error, E4 (Groundball, 13)
Batting: LHB Ed Hart 0-0: Ball
1-0: Swinging Strike
1-1: Fly out, F5 (Popup, 5F)
Batting: RHB Jason Saunders 0-0: Called Strike
0-1: Called Strike
0-2: Ball
1-2: Foul Ball, location: 2F
1-2: Fly out, F6 (Popup, 6D)
Batting: LHB António Hernández 0-0: Ball
1-0: Foul Ball, location: 2F
1-1: Foul Ball, location: 2F
1-2: Fly out, F7 (Flyball, 7LS)
Top of the 4th over - 0 run(s), 0 hit(s), 1 error(s), 1 left on base; Gainesville 0 - Montgomery 0
BOTTOM OF THE 4TH
Montgomery Biscuits batting - Pitching for Gainesville Guidos : RHP Matt McGinnity
Batting: LHB John Haney 0-0: Foul Ball, location: 2F
0-1: Called Strike
0-2: Ball
1-2: Strikes out looking
Batting: SHB Andrew Curran 0-0: Swinging Strike
0-1: Ball
1-1: SINGLE (Line Drive, 8LS)
Batting: LHB José Flores 0-0: Called Strike
0-1: Called Strike
Throwing error on steal attempt, E2
Andrew Curran to third
0-2: Foul Ball, location: 2F
0-2: Foul Ball, location: 2F
0-2: Ball
1-2: Foul Ball, location: 2F
1-2: Foul Ball, location: 2F
1-2: Strikes out swinging
Batting: RHB Jean-Paul St-Pierre 0-0: Ball
1-0: Ball
2-0: Ball
3-0: Base on Balls
Batting: RHB Dave Dawson 0-0: Ball
1-0: Swinging Strike
1-1: Ball
2-1: Called Strike
2-2: Foul Ball, location: 2F
2-2: 3-RUN HOME RUN (Flyball, 7D), Distance : 389 ft
Batting: LHB António De Los Ángeles 0-0: Called Strike
0-1: Ball
1-1: Foul Ball, location: 2F
1-2: Foul Ball, location: 2F
1-2: Strikes out swinging
Bottom of the 4th over - 3 run(s), 2 hit(s), 1 error(s), 0 left on base; Gainesville 0 - Montgomery 3
TOP OF THE 5TH
Gainesville Guidos batting - Pitching for Montgomery Biscuits : RHP Stanley Briggs
Batting: LHB António Cedeño 0-0: Ball
1-0: Called Strike
1-1: Swinging Strike
1-2: Foul Ball, location: 2F
1-2: SINGLE (Flyball, 89S)
Batting: RHB Pedro Mata 0-0: Ball
1-0: Ball
2-0: SINGLE (Line Drive, 6MD)
António Cedeño to second
Batting: RHB Iván Moreno 0-0: Ball
1-0: Swinging Strike
1-1: Ball
2-1: Ball
3-1: Fly out, F7 (Flyball, 7LM)
Batting: RHB Noriyori Ine 0-0: Called Strike
0-1: Called Strike
0-2: Ball
1-2: Strikes out swinging
Batting: RHB Victor Andrews 0-0: Foul Ball, location: 2F
0-1: Called Strike
0-2: Ball
1-2: Ball
2-2: Foul Ball, location: 2F
2-2: Ball
3-2: Strikes out looking
Top of the 5th over - 0 run(s), 2 hit(s), 0 error(s), 2 left on base; Gainesville 0 - Montgomery 3
BOTTOM OF THE 5TH
Montgomery Biscuits batting - Pitching for Gainesville Guidos : RHP Matt McGinnity
Batting: RHB Larry Mitchell 0-0: Ball
1-0: Called Strike
1-1: Swinging Strike
1-2: Foul Ball, location: 2F
1-2: Foul Ball, location: 2F
1-2: Fly out, F8 (Flyball, 8RM)
Batting: RHB Pete Smith 0-0: Foul Ball, location: 2F
0-1: Ball
1-1: Fly out, F4 (Popup, 15)
Batting: RHB Gabriel Miranda 0-0: Ground out 6-3 (Groundball, 6)
Bottom of the 5th over - 0 run(s), 0 hit(s), 0 error(s), 0 left on base; Gainesville 0 - Montgomery 3
TOP OF THE 6TH
Gainesville Guidos batting - Pitching for Montgomery Biscuits : RHP Stanley Briggs
Batting: LHB David Murphy 0-0: Ground out 4-3 (Groundball, 34)
Batting: LHB Ed Hart 0-0: Called Strike
0-1: Fly out, F7 (Flyball, 78S)
Batting: RHB Jason Saunders 0-0: Swinging Strike
0-1: Ball
1-1: Ball
2-1: Swinging Strike
2-2: Ball
3-2: Strikes out looking
Top of the 6th over - 0 run(s), 0 hit(s), 0 error(s), 0 left on base; Gainesville 0 - Montgomery 3
BOTTOM OF THE 6TH
Montgomery Biscuits batting - Pitching for Gainesville Guidos : RHP Matt McGinnity
Batting: LHB John Haney 0-0: Called Strike
0-1: Swinging Strike
0-2: Foul Ball, location: 2F
0-2: Ball
1-2: Strikes out swinging
Batting: SHB Andrew Curran 0-0: Called Strike
0-1: Ball
1-1: Foul Ball, location: 2F
1-2: SINGLE (Groundball, 4MD)
Batting: LHB José Flores 0-0: Fly out, F8 (Flyball, 8RXD)
Batting: RHB Jean-Paul St-Pierre 0-0: Ball
1-0: DOUBLE (Flyball, 89XD)
Andrew Curran to third
Batting: RHB Dave Dawson 0-0: Ball
1-0: Ball
2-0: Foul Ball, location: 2F
2-1: Ball
3-1: Base on Balls
Pitching: RHP Pat Wright
Batting: LHB António De Los Ángeles 0-0: Ball
1-0: Foul Ball, location: 2F
1-1: Ball
2-1: Ball
3-1: Called Strike
3-2: Base on Balls
Andrew Curran scores
Jean-Paul St-Pierre to third
Dave Dawson to second
Batting: RHB Larry Mitchell 0-0: Called Strike
0-1: Swinging Strike
0-2: Ball
1-2: Ball
2-2: Strikes out swinging
Bottom of the 6th over - 1 run(s), 2 hit(s), 0 error(s), 3 left on base; Gainesville 0 - Montgomery 4
TOP OF THE 7TH
Gainesville Guidos batting - Pitching for Montgomery Biscuits : RHP Stanley Briggs
Batting: LHB António Hernández 0-0: Ball
1-0: Foul Ball, location: 2F
1-1: Foul Ball, location: 2F
1-2: Strikes out swinging
Batting: LHB António Cedeño 0-0: Hit by Pitch
Batting: RHB Pedro Mata 0-0: Ball
1-0: Called Strike
1-1: Swinging Strike
1-2: SINGLE (Groundball, 5D)
António Cedeño to second
Pitching: RHP Pedro Valdés
Batting: RHB Iván Moreno 0-0: Called Strike
0-1: Swinging Strike
0-2: Strikes out looking
Batting: RHB Noriyori Ine 0-0: Swinging Strike
0-1: Called Strike
0-2: Strikes out swinging
Top of the 7th over - 0 run(s), 1 hit(s), 0 error(s), 2 left on base; Gainesville 0 - Montgomery 4
BOTTOM OF THE 7TH
Montgomery Biscuits batting - Pitching for Gainesville Guidos : RHP Pat Wright
Batting: RHB Pete Smith 0-0: Foul Ball, location: 2F
0-1: Ground out 4-3 (Groundball, 4)
Batting: RHB Gabriel Miranda 0-0: Ball
1-0: Swinging Strike
1-1: Called Strike
1-2: Ground out 5-3 (Groundball, 5S)
Batting: LHB John Haney 0-0: Ball
1-0: Swinging Strike
1-1: Called Strike
1-2: Foul Ball, location: 2F
1-2: Ball
2-2: Strikes out swinging
Bottom of the 7th over - 0 run(s), 0 hit(s), 0 error(s), 0 left on base; Gainesville 0 - Montgomery 4
TOP OF THE 8TH
Gainesville Guidos batting - Pitching for Montgomery Biscuits : RHP Pedro Valdés
Batting: RHB Victor Andrews 0-0: Called Strike
0-1: Ball
1-1: Ball
2-1: Foul Ball, location: 2F
2-2: Foul Ball, location: 2F
2-2: Strikes out looking
Batting: LHB David Murphy 0-0: Ball
1-0: DOUBLE (Flyball, 7LD)
Batting: LHB Ed Hart 0-0: Called Strike
0-1: Ball
1-1: Ball
2-1: Ball
3-1: Called Strike
3-2: SINGLE (Flyball, 8LS)
David Murphy to third
Runner from 3rd tries for Home, SAFE, throw made home
Batting: RHB Jason Saunders 0-0: Swinging Strike
0-1: Ball
1-1: Called Strike
1-2: Ball
2-2: Strikes out swinging
Pitching: LHP Gonzalo Martínez
Batting: LHB António Hernández 0-0: Ball
1-0: Fielders Choice at 2nd, U4 (Groundball, 4M)
Top of the 8th over - 1 run(s), 2 hit(s), 0 error(s), 1 left on base; Gainesville 1 - Montgomery 4
BOTTOM OF THE 8TH
Montgomery Biscuits batting - Pitching for Gainesville Guidos : RHP Pat Wright
Batting: SHB Andrew Curran 0-0: Fly out, F7 (Flyball, 7LM)
Batting: LHB José Flores 0-0: Ball
1-0: Called Strike
1-1: Foul Ball, location: 2F
1-2: Strikes out looking
Batting: RHB Jean-Paul St-Pierre 0-0: Swinging Strike
0-1: Ground out U3 (Groundball, 3S)
Bottom of the 8th over - 0 run(s), 0 hit(s), 0 error(s), 0 left on base; Gainesville 1 - Montgomery 4
TOP OF THE 9TH
Gainesville Guidos batting - Pitching for Montgomery Biscuits : LHP Gonzalo Martínez
Pitching: RHP Ángel Ávila
Now at SS: Dave Williams
Batting: LHB António Cedeño 0-0: Ball
1-0: Swinging Strike
1-1: Ball
2-1: SINGLE (Groundball, 34S)
Batting: RHB Pedro Mata 0-0: Ball
1-0: Ball
2-0: Foul Ball, location: 2F
2-1: Foul Ball, location: 2F
2-2: Foul Ball, location: 2F
2-2: Fly out, F8 (Line Drive, 8LS)
Batting: RHB Iván Moreno 0-0: Called Strike
0-1: Fly out, F8 (Flyball, 8LS)
Batting: RHB Noriyori Ine 0-0: Called Strike
0-1: Called Strike
0-2: Ball
1-2: Strikes out swinging
Top of the 9th over - 0 run(s), 1 hit(s), 0 error(s), 1 left on base; Gainesville 1 - Montgomery 4
This league is powered by Out of the Park Baseball, the baseball management simulation game for PC, Mac and Linux
Wednesday, December 2nd, 2015 - OOTP Baseball 16.8 Build 38